 Dungeon Crawl Stone Soup version 0.15.0-9-g1a96a59 (webtiles) character file.

921 zercules the Chopper (level 8, -2/51 HPs)
             Began as a Halfling Berserker on Aug 30, 2014.
             Was an Elder of Trog.
             Slain by a goliath beetle (13 damage)
             ... on Level 5 of the Dungeon.
             The game lasted 00:18:18 (4702 turns).

zercules the Chopper (Halfling Berserker)           Turns: 4702, Time: 00:18:18

HP  -2/51        AC 12     Str 17      XL: 8   Next: 31%
MP   8/8         EV  8     Int  6      God: Trog [****..]
Gold 192         SH  0     Dex 18      Spells:  0 memorised,  7 levels left

rFire  . . .     SeeInvis .     u - +11 war axe of Propriety {elec, Dex+2 Int-3}
rCold  . . .     Clarity  .     p - +0 chain mail
rNeg   . . .     rCorr    .     (no shield)
rPois  .         rRot     .     E - +1 helmet {Int+3}
rElec  .         Spirit   .     (no cloak)
SustAb .         Warding  .     n - +0 pair of gloves
rMut   .         Stasis   .     (no boots)
Gourm  .                        (no amulet)
MR     .....                    (no ring)
                                (no ring)

@: lethally poisoned, exhausted, slowed, very slow, not resistant to hostile
enchantments, extremely unstealthy
A: mutation resistance 1
a: Burn Spellbooks, Berserk, Trog's Hand, Brothers in Arms, Renounce Religion


You were on level 5 of the Dungeon.
You worshipped Trog.
Trog was greatly pleased with you.
You were not hungry.

You visited 1 branch of the dungeon, and saw 5 of its levels.

You collected 192 gold pieces.


Innate Abilities, Weirdness & Mutations

You are small and have problems with some larger weapons.
You are somewhat resistant to further mutation.


   Skills:
 - Level 2.6 Fighting
 - Level 4.0 Short Blades
 + Level 6.8 Axes
 - Level 3.6 Armour
 - Level 4.8 Dodging


You had 7 spell levels left.
You didn't know any spells.

Dungeon Overview and Level Annotations

Branches:
Dungeon (5/15)
 Temple: D:4-7

Altars:
Ashenzari
Fedhas
Vehumet

Shops:
D:4 }

Inventory:

Hand weapons
 a - a +0 short sword
 u - the +11 war axe of Propriety (weapon) {elec, Dex+2 Int-3}
   (You found it on level 4 of the Dungeon)

   Occasionally, upon striking a foe, it will discharge some electrical energy
   and cause terrible harm.
   It affects your intelligence (-3).
   It affects your dexterity (+2).
 z - a +0 blowgun
Missiles
 l - 45 sling bullets
 A - 15 poisoned needles
Armour
 b - a +0 animal skin
 n - a +0 pair of gloves (worn)
 o - a +0 leather armour
 p - a +0 chain mail (worn)
 q - a +0 helmet
 E - a +1 helmet of intelligence (worn)
   (You found it on level 5 of the Dungeon)
Magical devices
 r - a wand of polymorph (6) {unknown}
Comestibles
 c - 2 bread rations
 f - a meat ration
Scrolls
 d - 2 scrolls of noise {unknown}
 g - 3 scrolls of enchant armour {unknown}
 k - 5 scrolls of remove curse {@r8}
 v - 2 scrolls of identify {unknown}
 w - a scroll of fog {unknown}
 x - 2 scrolls of immolation {unknown}
 y - a scroll of random uselessness {unknown}
 C - a scroll of amnesia {unknown}
Jewellery
 j - an uncursed ring of stealth {unknown}
 m - an uncursed ring of wizardry {unknown}
 s - an uncursed ring of see invisible {unknown}
 t - an uncursed ring of protection from fire {unknown}
 B - an uncursed amulet of stasis {unknown}
Potions
 e - a potion of brilliance {unknown}
 h - a potion of curing {unknown}
 i - a potion of flight {unknown}
 D - a potion of invisibility {unknown}

#...# #####..##....###.#
#######.# ######.....###....# #.#
...# #.# #..[)..##### #....###.#
...#########'###########......<.#
....#...............#............
...##...............##..#.#......
...##....#######....#............
....#....#.....#....#.....#......
....#....+..?.%B@...#.....#..###.
#.###....#....%#....#........# #.
#.#.#....#######....#........# #.
#...#...............#........###.
#..##...............#.....>......
....########'########........###.
.........#...................###.
...............................(.
.........###......#.>.....#......


You could see a goliath beetle.


Message History

You feel sick. The goliath beetle bites you!
* * * LOW HITPOINT WARNING * * *
You feel sick.
You feel a strong urge to attack something.
You feel sick. The scorpion closely misses you.
There is an open door here.
You see here a worker ant corpse.
You slash the scorpion!
The scorpion is severely wounded.
You slash the goliath beetle!
You kill the goliath beetle!
Trog accepts your kill.
You have reached level 8!
You slash the worker ant!
The worker ant is almost dead.
The worker ant bites you but does no damage.
The scorpion stings you but does no damage.
The worker ant closely misses you.
You slash the worker ant!
You kill the worker ant!
Trog accepts your kill.
Your Axes skill increases to level 6!
You completely miss the giant cockroach.
You slash the scorpion!
You kill the scorpion!
Trog accepts your kill.
You feel sick. The giant cockroach barely misses you.
You slice the giant cockroach!!
You kill the giant cockroach!
Trog accepts your kill.
You closely miss the giant cockroach.
You feel sick. The giant cockroach barely misses you.
You slice the giant cockroach!!
You kill the giant cockroach!
Trog accepts your kill.
You slice the goliath beetle!!
The goliath beetle is heavily wounded.
You slash the giant cockroach!
There is a sudden explosion of sparks!
You kill the giant cockroach!
Trog accepts your kill.
You slash the worker ant!
The worker ant is heavily wounded.
You are no longer berserk.
You are exhausted.
You feel yourself slow down.
You feel sick.
The worker ant bites you but does no damage.
Read which item? (? for menu, Esc to quit)
Okay, then.
You slash the soldier ant!
The soldier ant is moderately wounded.
You feel sick. The soldier ant barely misses you.
Drink which item? (? for menu, Esc to quit)
Okay, then.
You slash the soldier ant!
There is a sudden explosion of sparks!
You kill the soldier ant!
Trog accepts your kill.
You feel sick. The worker ant misses you.
You slash the worker ant!
There is a sudden explosion of sparks!
You kill the worker ant!
Trog accepts your kill.
You feel sick.
You slash the butterfly!
There is a sudden explosion of sparks!
You kill the butterfly!
You feel sick.
You hit the goliath beetle but do no damage.
There is a sudden explosion of sparks!
The goliath beetle is severely wounded.
You feel sick. The goliath beetle bites you!
You die...

Action                   |  1- 3 |  4- 6 |  7- 9 || total
-------------------------+-------+-------+-------++-------
Melee: Short sword       |    85 |   194 |       ||   279
       War axe           |       |    30 |    47 ||    77
Invok: Berserk           |     2 |     3 |     2 ||     7
  Use: Scroll            |       |     1 |       ||     1
  Eat: Chunk             |     1 |    10 |     2 ||    13
       Pizza             |     1 |     1 |       ||     2
       Meat ration       |       |       |     1 ||     1

Vault maps used:
D:1:      dpeg_arrival_lava_altar
D:2:      wad_lake_hut, ashenzari_altar_1, fiery_altar_vehumet,
          lemuel_round_altar, first_bread, kennysheep_potato
D:4:      serial_shops, shop_statue, minmay_distorted
D:5:      lemuel_insect_pit, kennysheep_generic_room_15

Notes
Turn   | Place    | Note
--------------------------------------------------------------
     0 | D:1      | zercules, the Halfling Berserker, began the quest for the Orb.
     0 | D:1      | Reached XP level 1. HP: 15/15 MP: 1/1
   327 | D:1      | Reached XP level 2. HP: 13/20 MP: 2/2
   589 | D:1      | Reached skill level 3 in Dodging
  1046 | D:2      | Found a radiant altar of Vehumet.
  1062 | D:2      | Reached XP level 3. HP: 16/25 MP: 3/3
  1270 | D:2      | Reached skill level 4 in Dodging
  1462 | D:2      | Found a shattered altar of Ashenzari.
  1551 | D:2      | Acquired Trog's second power
  1551 | D:2      | Reached XP level 4. HP: 30/30 MP: 4/4
  2119 | D:2      | Found a blossoming altar of Fedhas.
  3203 | D:4      | Reached XP level 5. HP: 35/35 MP: 5/5
  3293 | D:4      | Reached skill level 3 in Armour
  3493 | D:4      | Got a transparent war axe
  3538 | D:4      | Found Cloeg's Gadget Shop.
  3547 | D:4      | Identified the +11 war axe of Propriety {elec, Dex+2 Int-3} (You found it on level 4 of the Dungeon)
  3955 | D:4      | Reached skill level 1 in Axes
  3961 | D:5      | Entered Level 5 of the Dungeon
  3961 | D:5      | Noticed an ogre
  3978 | D:5      | Killed an ogre
  3978 | D:5      | Reached skill level 2 in Axes
  3978 | D:5      | Reached XP level 6. HP: 33/41 MP: 6/6
  3981 | D:5      | Reached skill level 3 in Axes
  4059 | D:5      | Acquired Trog's third power
  4107 | D:5      | Noticed an orc warrior
  4114 | D:5      | Killed an orc warrior
  4114 | D:5      | Reached skill level 4 in Axes
  4114 | D:5      | Reached XP level 7. HP: 45/45 MP: 7/7
  4586 | D:5      | Reached skill level 5 in Axes
  4681 | D:5      | Noticed a soldier ant
  4692 | D:5      | Reached XP level 8. HP: 24/51 MP: 8/8
  4693 | D:5      | Reached skill level 6 in Axes
  4699 | D:5      | Killed a soldier ant
  4701 | D:5      | HP: 12/51 [poisoned by a scorpion]
  4702 | D:5      | Slain by a goliath beetle

Vanquished Creatures
  A soldier ant (D:5)
  An orc warrior (D:5)
  An ogre (D:5)
  2 scorpions (D:5)
  3 crimson imps
  A goliath beetle (D:5)
  A hound (D:5)
  2 orc wizards (D:5)
  6 worker ants
  3 adders
  A shadow imp (D:5)
  5 worms
  2 giant mites (D:5)
  3 giant geckos
  An ooze (D:3)
  7 orcs
  2 ball pythons
  8 bats
  7 giant cockroaches
  6 goblins
  5 hobgoblins
  10 jackals
  A quokka (D:4)
  6 giant newts
  6 kobolds
  An orc skeleton (D:4)
  A quokka skeleton (D:5)
  13 rats
  A butterfly (D:5)
107 creatures vanquished.
